 Dungeon Crawl Stone Soup version 0.26-a0-455-g0958c02 (webtiles) character file.

Game seed: 10818357077079961930

378 HungryMoth the Digger (level 7, 0/46 HPs)
             Began as a Formicid Earth Elementalist on July 29, 2020.
             Was an Initiate of Gozag.
             Killed by divine providence
             ... invoked by an orc priest
              (11 damage)
             ... on level 4 of the Dungeon.
             The game lasted 00:11:49 (3763 turns).

HungryMoth the Digger (Formicid Earth Elementalist) Turns: 3763, Time: 00:11:50

Health: 0/46       AC:  9    Str: 13    XL:     7   Next: 4%
Magic:  5/13       EV: 16    Int: 16    God:    Gozag
Gold:   231        SH:  0    Dex: 11    Spells: 1/14 levels left

rFire    x . .     SeeInvis +   s - +2 dagger (protect)
rCold    + . .     Faith    .   (no shield)
rNeg     . . .     Spirit   .   c - +0 robe
rPois    .         Reflect  .   (helmet unavailable)
rElec    .         Harm     .   m - scarf {repulsion}
rCorr    .                      (no gloves)
MR       .....                  (no boots)
Stlth    ++........             (no amulet)
HPRegen  0.15/turn              d - +4 ring of evasion
MPRegen  0.13/turn              p - ring of ice

@: protection aura, repel missiles
A: permanent stasis, dig shafts and tunnels, four strong arms, antennae 3
a: Dig, Shaft Self, Potion Petition, Call Merchant, Bribe Branch, Renounce
Religion


You were on level 4 of the Dungeon.
You worshipped Gozag.
Gozag was aware of your devotion.
You visited 1 branch of the dungeon, and saw 4 of its levels.

You collected 277 gold pieces.
You paid 46 gold pieces to Gozag.

Inventory:

Hand Weapons
 g - a +0 spear
 s - a +2 dagger of protection (weapon)
Missiles
 b - 67 stones
 i - 64 poisoned darts (quivered)
Armour
 c - a +0 robe (worn)
 m - a scarf of repulsion (worn)
Jewellery
 d - a +4 ring of evasion (left hand)
 p - a ring of ice (right hand)
 u - a cursed ring of teleportation {unknown}
 v - an uncursed ring of protection from fire
Scrolls
 k - a scroll of random uselessness {unknown}
 n - a scroll of fear {unknown}
 o - 3 scrolls of amnesia {unknown}
 q - a scroll of enchant weapon {unknown}
 r - 3 scrolls of identify {unknown}
 t - a scroll of magic mapping {unknown}
Potions
 f - a potion of lignification
 h - a potion of brilliance {unknown}
 j - a potion of haste {unknown}
 l - a potion of mutation {unknown}


   Skills:
 - Level 1.7 Dodging
 - Level 2.4 Stealth
 + Level 4.2 Spellcasting
 + Level 1.2 Conjurations
 - Level 1.1 Transmutations
 * Level 7.3 Earth Magic


You had one spell level left.
You knew the following spells:

 Your Spells              Type           Power        Failure   Level
a - Sandblast             Erth           ####..       1%          1
d - Lee's Rapid Deconstr  Erth           ####......   22%         5
f - Stone Arrow           Conj/Erth      ###...       9%          3
p - Petrify               Tmut/Erth      ###.....     28%         4

Your spell library contained the following spells:

 Spells                   Type           Power        Failure   Level
 Passwall                 Tmut/Erth      ###.....     4%          2


Dungeon Overview and Level Annotations

Branches:
Dungeon (4/15)
 Temple: D:4-7

Altars:
Gozag
Ru

Shops:
D:4 [


Innate Abilities, Weirdness & Mutations

You cannot be hasted, slowed, berserked, paralysed or teleported.
You can dig through walls and to a lower floor.
Your four strong arms can wield two-handed weapons with a shield.
You have a pair of large antennae on your head. (SInv)


Message History

The orc priest is severely wounded.
The orc priest barely misses you.
You hit the orc priest.
The orc priest is severely wounded.
The orc priest looks braver for a moment.
You hit the orc priest but do no damage.
The orc priest is severely wounded.
The orc priest closely misses you.
You hit the orc priest but do no damage.
The orc priest is severely wounded.
The orc priest hits you with a +0 mace.
* * * LOW HITPOINT WARNING * * *
You hit the orc priest but do no damage.
The orc priest is severely wounded.
You hit the orc priest but do no damage.
The orc priest is severely wounded.
The orc priest calls down the wrath of Beogh upon you.
Beogh smites you!
You die...
Your body crumbles into a pile of gold.

.# ## # { # # # .#
#.# ###..# ###.$.$#
# ###..@o# #
###....### #
####...####
###.........##
##.............#
###...............#
##.................#
...###>...........##
.### #..........###


You could see an orc priest.

Vanquished Creatures
  An ogre (D:4)
  2 orc priests
  2 orc wizards
  A worker ant (D:4)
  7 adders
  An ooze (D:1)
  3 dart slugs
  4 leopard geckos
  4 orcs
  2 ball pythons
  2 giant cockroaches
  3 goblins (D:2)
  12 hobgoblins
  6 jackals
  5 bats
  13 frilled lizards
  6 kobolds
  8 rats
82 creatures vanquished.

Notes
Turn   | Place    | Note
-------+----------+-------------------------------------------
     0 | D:1      | HungryMoth the Formicid Earth Elementalist began the quest
                  | for the Orb.
     0 | D:1      | Reached XP level 1. HP: 13/13 MP: 3/3
   304 | D:1      | Reached skill level 4 in Earth Magic
   363 | D:1      | Reached XP level 2. HP: 19/19 MP: 5/5
   658 | D:1      | Reached XP level 3. HP: 24/24 MP: 6/6
  1560 | D:2      | Learned a level 3 spell: Stone Arrow
  1596 | D:2      | Reached skill level 5 in Earth Magic
  1596 | D:2      | Reached XP level 4. HP: 30/30 MP: 5/8
  2300 | D:3      | Reached XP level 5. HP: 30/35 MP: 7/9
  2307 | D:3      | Learned a level 5 spell: Lee's Rapid Deconstruction
  2367 | D:3      | Found a sacrificial altar of Ru.
  2484 | D:3      | Reached skill level 6 in Earth Magic
  2817 | D:3      | Found an opulent altar of Gozag.
  2860 | D:3      | Became a worshipper of Gozag Ym Sagoz the Greedy
  3209 | D:3      | Reached XP level 6. HP: 37/41 MP: 4/11
  3472 | D:4      | Noticed a wyvern
  3516 | D:4      | Noticed an ogre
  3521 | D:4      | Killed an ogre
  3521 | D:4      | Reached skill level 1 in Conjurations
  3521 | D:4      | Reached skill level 7 in Earth Magic
  3647 | D:4      | Learned a level 4 spell: Petrify
  3661 | D:4      | Found Vavug's Armour Boutique.
  3729 | D:4      | Reached XP level 7. HP: 28/46 MP: 0/13
  3763 | D:4      | Killed from afar by an orc priest

Illustrated notes

Levels and vault maps discovered:
D:1:      erik_arrival_triangle_small, layout_basic, minmay_tetromino_t4
D:2:      layout_basic
D:3:      layout_loops_ring, nicolae_ru_path_of_blood,
          nicolae_gozag_cash_rules_everything_around_me, minmay_lizard_king
D:4:      layout_cave_pods, lemuel_coloured_pillars_altar, kennysheep_mini,
          serial_shops, shop

Skill      XL: |  1  2  3  4  5  6 |
---------------+-------------------+-----
Earth Magic    | 4 5 6 7 |  7.3
Spellcasting   | 3 4 |  4.2
Conjurations   | 1 |  1.2
Dodging        | |  1.7
Stealth        | |  2.4
Transmutations | |  1.1

Action                   |  1- 3 |  4- 6 |  7- 9 || total
-------------------------+-------+-------+-------++-------
Melee: Unarmed           |    11 |       |       ||    11
       Club              |     4 |       |       ||     4
       Spear             |    89 |    12 |       ||   101
       Dagger            |       |    76 |    32 ||   108
 Cast: Sandblast         |    15 |    44 |       ||    59
       Lee's Rapid Decon |       |     2 |     1 ||     3
  Use: Potion            |       |       |     1 ||     1
 Stab: Sleeping          |     4 |     1 |       ||     5
Armor: Robe              |    14 |    12 |       ||    26
       Skin              |       |       |    12 ||    12
Dodge: Dodged            |    95 |    72 |     9 ||   176

Table legend: (Time is in decaauts)
 A = Elapsed time spent in this place.
 B = Non-inter-level travel time spent in this place.
 C = Inter-level travel time spent in this place.
 D = Time resting spent in this place.
 E = Time spent auto-exploring this place.
 F = Levels seen in this place.
 G = Mean time per level.
                   A        B        C        D        E       F      G
               +--------+--------+--------+--------+--------+-----+--------+
         Total |   3774 |   3564 |    210 |    992 |   1845 |   4 |  943.5 |
       Dungeon |   3774 |   3564 |    210 |    992 |   1845 |   4 |  943.5 |
               +--------+--------+--------+--------+--------+-----+--------+

Top non-repeatable levels by time:
     D:1: 1537 daAuts
     D:3: 1195 daAuts
     D:2: 749 daAuts
     D:4: 290 daAuts
